 Dungeon Crawl Stone Soup version 0.31.0-11-ge490571c62 (webtiles) character file.

Game seed: 9474971644062997763

72 qw the Shooter (level 4, -6/25 HPs)
             Began as a Deep Elf Hunter on Feb 3, 2024.
             Killed from afar by Sigmund (12 damage)
             ... with a puff of flame
             ... on level 3 of the Dungeon.
             The game lasted 00:00:09 (1479 turns).

qw the Shooter (Deep Elf Hunter)                    Turns: 1479, Time: 00:00:09

Health: -6/25      AC:  6    Str: 10    XL:     4   Next: 7%
Magic:  6/6        EV:  9    Int: 14    God:
Gold:   131        SH:  0    Dex: 18    Spells: 3/3 levels left

rFire   . . .        a - +0 shortbow (heavy)
rCold   . . .        (shield currently unavailable)
rNeg    . . .        i - +0 scale mail
rPois   .            (no helmet)
rElec   .            (no cloak)
rCorr   .            (no gloves)
SInv    .            (no boots)
Will    .....        (no amulet)
Stlth   +            (no ring)
HPRegen 0.24/turn    (no ring)
MPRegen 0.10/turn

%: no passive effects
@: no status effects
A: no striking features
a: no special abilities


You were on level 3 of the Dungeon.
You visited 1 branch of the dungeon, and saw 3 of its levels.

You collected 131 gold pieces.


   Skills:
 - Level 1.5 Fighting
 + Level 7.5 Ranged Weapons
 - Level 2.4 Dodging
 - Level 1.2 Stealth


You had 3 spell levels left.
You didn't know any spells.
Your spell library was empty.

Inventory:

Hand Weapons
 a - a +0 heavy shortbow (weapon)
Armour
 i - a +0 scale mail (worn)
Scrolls
 b - 2 scrolls of teleportation
 c - a scroll of enchant armour
Potions
 e - 3 potions of curing
 f - a potion of attraction {unknown}

Dungeon Overview and Level Annotations

Branches:
Dungeon (3/15)

Altars:

Annotations:
D:3 Sigmund


Message History

There is a stone staircase leading down here.
You climb downwards.
Found a scroll of enchant armour and 10 gold pieces.
There is a stone staircase leading up here.
Waypoint 2 assigned to D:3.
You now have 131 gold pieces (gained 10).
c - a scroll of enchant armour You open the door.
There is an open door here.
Found a stone staircase leading up.
Sigmund the Dreaded comes into view.
He is wielding a +0 scythe.
Sigmund shouts!
You shoot an arrow. The arrow hits Sigmund.
Sigmund is lightly wounded.
Sigmund gestures wildly while chanting.
Sigmund flickers and vanishes!
Deactivating autopickup; reactivate with Ctrl-A.
You shoot an arrow. Something hits you but does no damage. Something hits you.
You shoot an arrow. Something hits you.
You shoot an arrow. Something hits you but does no damage.
You shoot an arrow. Something hits you.
You shoot an arrow. Something hits you but does no damage.
You shoot an arrow. Something hits you.
You hear some strange, mumbled words.
A puff of flame appears from out of thin air!
The puff of flame hits you.
You shoot an arrow.
You hear some strange, mumbled words.
A puff of flame appears from out of thin air!
The puff of flame hits you!
You hear some strange, mumbled words.
A puff of flame appears from out of thin air!
The puff of flame hits you!
You die...

##### #...# ##
#.#.# .# #<#.# .#
#.#######.# {#
#.........#####.#
####.........@.#
##.########## #.#
#.# ####'###
#......# #......#
#......# #......#


There were no monsters in sight!

Vanquished Creatures
  An adder (D:2)
  2 dart slugs (D:2)
  A ribbon worm (D:2)
  5 ball pythons
  6 bats
  3 endoplasms
  3 giant cockroaches
  6 goblins
  9 hobgoblins
  2 jackals (D:1)
  2 kobolds
  2 quokkas
  A frilled lizard (D:1)
  7 rats
50 creatures vanquished.

Notes
Turn   | Place    | Note
-------+----------+-------------------------------------------
     0 | D:1      | qw the Deep Elf Hunter began the quest for the Orb.
     0 | D:1      | Reached XP level 1. HP: 12/12 MP: 3/3
     0 | D:1      | 0 ||| qw: Version: 0.3-a-155-g5e7d8dd
     0 | D:1      | 0 ||| qw: Game counter: 3333
     0 | D:1      | 0 ||| qw: Melee chars always use a shield: true
     0 | D:1      | 0 ||| qw: God list: Okawaru
     0 | D:1      | 0 ||| qw: Allow faded altars: false
     0 | D:1      | 0 ||| qw: Do Orc after clearing Dungeon:15 true
     0 | D:1      | 0 ||| qw: Do second Lair branch before Depths: true
     0 | D:1      | 0 ||| qw: Lair rune preference: random
     0 | D:1      | 0 ||| qw: Goals: Normal
     0 | D:1      | 0 ||| PLANNING D:1-11
   121 | D:1      | HP: 3/12 [hobgoblin (1)]
   203 | D:1      | Reached XP level 2. HP: 16/16 MP: 4/4
   229 | D:1      | Reached skill level 6 in Ranged Weapons
   541 | D:1      | 541 ||| READING scroll labelled KAWASE ACSAASM.
   542 | D:1      | 542 ||| READING scroll labelled GOMALL YMAI.
   542 | D:1      | 542 ||| BRANDING +0 shortbow.
   543 | D:1      | 543 ||| READING scroll labelled GUJINLOCVO.
   546 | D:1      | 546 ||| READING scroll labelled UPTI MAOBIOPRU.
   546 | D:1      | 546 ||| IDENTIFYING 2 orange potions
   547 | D:1      | 547 ||| DROPPING scroll of butterflies.
   611 | D:2      | Reached XP level 3. HP: 20/20 MP: 5/5
   748 | D:2      | Reached skill level 7 in Ranged Weapons
  1252 | D:2      | Reached XP level 4. HP: 25/25 MP: 6/6
  1267 | D:2      | Found a faded altar of an unknown god.
  1330 | D:2      | Identified the +4 chain mail "Asatevo" {Dex+9 Slay-5}
  1341 | D:2      | 1341 ||| UPGRADING to +0 scale mail.
  1351 | D:2      | 1351 ||| DROPPING +0 leather armour.
  1352 | D:2      | 1352 ||| READING scroll labelled DOERALOXZIFOPT.
  1353 | D:2      | 1353 ||| READING scroll labelled ISSYTUI DYNU.
  1354 | D:2      | 1354 ||| READING scroll labelled AQITUGODUMN.
  1354 | D:2      | 1354 ||| ENCHANTING +0 heavy shortbow.
  1471 | D:3      | Noticed Sigmund
  1479 | D:3      | HP: 6/25 [something/puff of flame (8)]
  1479 | D:3      | Killed from afar by Sigmund

Levels and vault maps discovered:
D:1:      dpeg_arrival_erosion, layout_rooms
D:2:      layout_basic, hellmonk_ecumenical_altar_prayer_group,
          hangedman_decor_lopped, chequers_serial_rivers_micro_e,
          minmay_diced_spiral
D:3:      layout_basic, uniq_sigmund, uniq_natasha

Skill      XL: |  1  2  3 |
---------------+----------+-----
Ranged Weapons | 6 7 |  7.5
Fighting       | |  1.5
Dodging        | |  2.4
Stealth        | |  1.2

Action                     |  1- 3 |  4- 6 || total
---------------------------+-------+-------++-------
   Fire: Shortbow          |   108 |    13 ||   121
    Use: Scroll            |     4 |     3 ||     7
 Armour: Leather armour    |    23 |       ||    23
         Scale mail        |       |    10 ||    10
  Dodge: Dodged            |    24 |       ||    24

Table legend:
 A = Non-vault XP
 B = Vault XP
 C = Vault XP percentage of total XP
 D = Non-vault monster count
 E = Vault monster count
 F = Vault count percentage of total count
                 A         B        C        D         E       F
            +---------+---------+-------+---------+---------+-------
      Total |      90 |      14 |  13.5 |      42 |       8 |  16.0
            +---------+---------+-------+---------+---------+-------
        D:1 |      35 |       0 |   0.0 |      19 |       0 |   0.0
        D:2 |      55 |      14 |  20.3 |      23 |       8 |  25.8
            +---------+---------+-------+---------+---------+-------
